 Dungeon Crawl Stone Soup version 0.31-a0-325-g067879e3d3 (webtiles) character file.

Game seed: 1361309604038813371

2674 IdlyInterested the Fighter (level 9, -4/75 HPs)
             Began as a Demonspawn Gladiator on July 17, 2023.
             Killed by nerve-wracking pain
             ... invoked by an orc priest
              (13 damage)
             ... on level 6 of the Dungeon on July 18, 2023.
             The game lasted 00:17:19 (4784 turns).

IdlyInterested the Fighter (Demonspawn Gladiator)   Turns: 4784, Time: 00:17:20

Health: -4/75      AC:  8    Str: 20    XL:     9   Next: 37%
Magic:  9/9        EV: 24    Int: 10    God:
Gold:   278        SH:  0    Dex: 17    Spells: 8/8 levels left

rFire   . . .        x - +6 hand axe of Calculation {drain, *Corrode rElec Str+4}
rCold   . . .        (no shield)
rNeg    . . .        L - +0 chain mail
rPois   +            y - +2 hat
rElec   +            A - +0 cloak
rCorr   +            (no gloves)
SInv    .            (no boots)
Will    .....        q - amulet of the acrobat Stlth
                     l - ring of poison resistance
HPRegen 0.32/turn    r - ring of resist corrosion
MPRegen 0.11/turn

%: corrode self (3%), acrobat
@: confused, ambrosia-drunk, corroded, acrobatic
A: antennae 2, hooves 1, ignite blood 2, demonic touch 1
a: no special abilities


You were on level 6 of the Dungeon.
You visited 2 branches of the dungeon, and saw 7 of its levels.

You collected 278 gold pieces.

Inventory:

Hand Weapons
 a - a +1 flail
 s - a +1 dagger of speed
 t - a +1 dagger of electrocution
 x - the +6 hand axe of Calculation (weapon) {drain, *Corrode rElec Str+4}
   (You found it on level 3 of the Dungeon)

   Str:       It affects your strength (+4).
   rElec:     It insulates you from electricity.
   *Corrode:  It may corrode you when you take damage.
 C - a +2 dagger of venom
 H - a +1 whip of flaming
 K - a +2 dagger of freezing
Missiles
 d - 3 throwing nets
 e - 6 javelins
 g - 44 stones (quivered)
 z - 14 poisoned darts
Armour
 y - a +2 hat (worn)
 A - a +0 cloak (worn)
 L - a +0 chain mail (worn)
Magical Staves
 i - a staff of earth
Jewellery
 b - a ring of flight
 l - a ring of poison resistance (left hand)
 n - a +6 ring of intelligence
 q - an amulet of the acrobat (around neck)
 r - a ring of resist corrosion (right hand)
 u - a ring of protection from fire
 F - an amulet of magic regeneration
Talismans
 h - a beast talisman
Wands
 J - a wand of roots (4)
Scrolls
 c - a scroll of amnesia {unknown}
 f - a scroll of poison {unknown}
 j - a scroll of butterflies {unknown}
 k - 3 scrolls of enchant weapon
 m - a scroll of silence
 v - a scroll of blinking
 D - a scroll of teleportation {unknown}
 E - a scroll of immolation
Potions
 p - a potion of haste
 w - 2 potions of attraction
 B - 2 potions of lignification
 G - a potion of curing
 I - a potion of enlightenment


   Skills:
 * Level 8.9 Fighting
 + Level 6.0 Maces & Flails
 - Level 2.0 Throwing
 * Level 4.8 Armour
 - Level 3.0 Dodging
 - Level 1.0 Stealth
 - Level 3.0 Unarmed Combat
 - Level 2.0 Evocations
 - Level 1.0 Shapeshifting


You had 8 spell levels left.
You didn't know any spells.
Your spell library contained the following spells:

 Spells                   Type           Power      Damage    Failure   Level
 Dazzling Flash           Conj/Hex       0%         N/A       100%        3
 Volatile Blastmotes      Fire/Tloc      0%         2d10      100%        3
 Starburst                Conj/Fire      0%         6d3       100%        6
 Maxwell's Capacitive Co  Air            0%         ∞         100%        8


Dungeon Overview and Level Annotations

Branches:
Dungeon (6/15)             Temple (1/1) D:6

Altars:
Ashenzari
Cheibriados
Fedhas
Gozag
Makhleb
Nemelex Xobeh
Okawaru
Qazlal
Ru
Sif Muna
Trog
Uskayaw
Vehumet
Wu Jian
Xom
Yredelemnul

Annotations:
D:6 Eustachio


Innate Abilities, Weirdness & Mutations

You have a pair of antennae on your head.
You have large cloven feet.
Your demonic aura often causes spilled blood to erupt in flames.
Your touch may inflict minor irresistible damage on your foes.


Message History

The orc priest invokes the aid of Beogh against you.
Beogh smites you!
Eustachio the Magnificent comes into view.
He is wielding a +0 rapier.
Eustachio shouts!
You slash the orc priest!
You touch the orc priest.
You kill the orc priest!
The orc priest begins to cast a cantrip, but forgets the words!
The orc priest completely misses you.
You hit the orc priest. You drain the orc priest.
The orc priest is heavily wounded.
The orc priest hits you but does no damage.
You hit the orc priest.
The orc priest is severely wounded.
You hit the orc priest but do no damage.
The orc priest is severely wounded.
You hit the orc.
The orc priest invokes the aid of Beogh against you.
Pain shoots through your body!
The orc throws a boomerang.
The boomerang hits you but does no damage.
The orc is engulfed in blazing flames.
You kill the orc!
The orc priest casts a cantrip, but nothing happens.
Eustachio twirls his moustache.
The orc priest barely misses you.
The orc throws a boomerang.
The boomerang closely misses you. The orc priest hits you with a +0 whip.
* * * LOW HITPOINT WARNING * * *
Your corrosive artefact corrodes you!
Things that are here:
a +0 mace; a +0 leather armour Unknown command.
You are confused.
You feel invigorated. Eustachio hits you with a +0 rapier.
* * * LOW HITPOINT WARNING * * *
The orc priest invokes the aid of Beogh against you.
Beogh smites you!
* * * LOW HITPOINT WARNING * * *
The orc priest hits you but does no damage.
The orc priest calls down the wrath of Beogh upon you.
Pain shoots through your body!
You die...

...##### #<........# .#
....#### #########.##.#
##...).## ....
###.##..### ...
....###...# ..# #####
###.# # ..# ..# #.#
#.####o.#...#
#.###...o○#o#...#
######.......@@......#
####.....######.#.#....=#
......##........#$#.....#
#.#.#.###.###.#.#.......#
......###.# #.#.#.......#
....#..##.###.###.......#
.......##.........#......
>...#.....###.###.#......
.......#### #.# #.#......


You could see Eustachio, 2 orc priests and an orc.

Vanquished Creatures
  Pikel (D:5)
  Prince Ribbit (D:6)
  Sigmund (D:4)
  Duvessa (D:5)
  2 ogres
  2 black bears (D:6)
  2 lemures (D:5)
  2 centaurs (D:5)
  3 phantoms
  Blork the orc (D:5)
  3 scorpions
  Dowan (D:5)
  3 hounds
  A jelly (D:5)
  3 orc priests
  Crazy Yiuf (D:3)
  7 iguanas
  4 sleepcaps
  An orc wizard (D:5)
  Robin (D:2)
  8 adders
  An ufetubus (D:5)
  2 worms
  4 dart slugs (D:3)
  14 orcs
  6 endoplasms
  2 giant cockroaches (D:3)
  21 goblins
  11 hobgoblins
  4 jackals
  8 kobolds
  6 quokkas
  5 ball pythons
  4 bats
  5 frilled lizards
  6 rats
148 creatures vanquished.

Notes
Turn   | Place    | Note
-------+----------+-------------------------------------------
     0 | D:1      | IdlyInterested the Demonspawn Gladiator began the quest for
                  | the Orb.
     0 | D:1      | Reached XP level 1. HP: 16/16 MP: 1/1
     6 | D:1      | Upgraded the game from 0.31-a0-321-g19405a7a6a to
                  | 0.31-a0-325-g067879e3d3
   169 | D:1      | Discovered your monstrous ancestry.
   169 | D:1      | Gained mutation: You have large cloven feet. [demonic
                  | ancestry]
   169 | D:1      | Reached XP level 2. HP: 21/23 MP: 2/2
   410 | D:1      | Gained mutation: Your demonic aura sometimes causes spilled
                  | blood to erupt in flames. [demonic ancestry]
   410 | D:1      | Reached XP level 3. HP: 28/28 MP: 3/3
   751 | D:2      | Reached skill level 3 in Fighting
   751 | D:2      | Reached skill level 1 in Armour
   880 | D:2      | Gained mutation: Your touch may inflict minor irresistible
                  | damage on your foes. [demonic ancestry]
   880 | D:2      | Reached XP level 4. HP: 33/35 MP: 4/4
   970 | D:2      | Reached skill level 1 in Stealth
  1006 | D:2      | Noticed Robin
  1026 | D:2      | Killed Robin
  1047 | D:2      | Found a faded altar of an unknown god.
  1086 | D:2      | Found a radiant altar of Vehumet.
  1383 | D:3      | Reached skill level 1 in Unarmed Combat
  1553 | D:3      | Identified the +6 hand axe of Calculation {drain, *Corrode
                  | rElec Str+4}
  1571 | D:3      | Found a stormy altar of Qazlal.
  1606 | D:3      | Gained mutation: Your demonic aura often causes spilled
                  | blood to erupt in flames. [demonic ancestry]
  1606 | D:3      | Reached XP level 5. HP: 41/41 MP: 5/5
  1940 | D:3      | Found a runed translucent door.
  1941 | D:3      | Noticed Crazy Yiuf
  1946 | D:3      | Killed Crazy Yiuf
  1947 | D:3      | Reached skill level 1 in Evocations
  2250 | D:4      | Reached skill level 4 in Fighting
  2432 | D:4      | Noticed an ogre
  2438 | D:4      | Killed an ogre
  2439 | D:4      | Reached skill level 1 in Shapeshifting
  2439 | D:4      | Reached XP level 6. HP: 18/49 MP: 6/6
  2923 | D:4      | Noticed Sigmund
  2927 | D:4      | Killed Sigmund
  2928 | D:4      | Reached skill level 5 in Fighting
  3208 | D:5      | Entered Level 5 of the Dungeon
  3208 | D:5      | Noticed Blork the orc
  3213 | D:5      | Killed Blork the orc
  3214 | D:5      | Gained mutation: You have a pair of small antennae on your
                  | head. [demonic ancestry]
  3214 | D:5      | Reached XP level 7. HP: 56/56 MP: 7/7
  3383 | D:5      | Noticed Pikel
  3400 | D:5      | Killed Pikel
  3401 | D:5      | Reached skill level 7 in Fighting
  3401 | D:5      | Reached skill level 5 in Maces & Flails
  3401 | D:5      | Gained mutation: You have a pair of antennae on your head.
                  | [demonic ancestry]
  3401 | D:5      | Reached XP level 8. HP: 13/67 MP: 8/8
  4035 | D:5      | Noticed Dowan
  4035 | D:5      | Noticed Duvessa
  4040 | D:5      | Killed Dowan
  4043 | D:5      | Killed Duvessa
  4044 | D:5      | Reached skill level 8 in Fighting
  4239 | D:5      | Found a burning altar of Makhleb.
  4346 | D:6      | Reached XP level 9. HP: 74/74 MP: 9/9
  4493 | D:6      | Found a staircase to the Ecumenical Temple.
  4494 | D:6      | Noticed Prince Ribbit
  4500 | D:6      | Killed Prince Ribbit
  4508 | Temple   | Entered the Ecumenical Temple
  4776 | D:6      | Noticed Eustachio
  4784 | D:6      | Killed from afar by an orc priest

Illustrated notes

Levels and vault maps discovered:
D:1:      mrwooster_arrival_statue_3, layout_rooms
D:2:      layout_rooms, basic_altar, basic_ecumenical_altar, uniq_robin
D:3:      layout_loops_ring, mainiacjoe_overflow_small_starburst,
          uniq_crazy_yiuf_cottage
D:4:      layout_loops_corners, lemuel_round_altar, minmay_goblin_outpost,
          uniq_sigmund
D:5:      layout_cave_pools, amethyst_overflow_temple_binary,
          minmay_increasing_density, uniq_pikel, uniq_duvessa,
          uniq_blork_the_orc
D:6:      layout_basic, minmay_temple_entry_glass, st_stairs_13,
          grunt_ministairs_1, grunt_decor_arrowhead, uniq_menkaure,
          uniq_prince_ribbit1, uniq_eustachio
Temple:   hellmonk_temple_two_chambers

Skill      XL: |  1  2  3  4  5  6  7  8  9 |
---------------+----------------------------+-----
Throwing       | 2 |  2.0
Dodging        | 3 |  3.0
Maces & Flails | 3 4 5 6 |  6.0
Fighting       | 3 4 5 7 8 |  8.9
Armour         | 1 2 4 |  4.8
Stealth        | 1 |  1.0
Unarmed Combat | 1 3 |  3.0
Evocations     | 1 2 |  2.0
Shapeshifting  | 1 |  1.0

Action                     |  1- 3 |  4- 6 |  7- 9 || total
---------------------------+-------+-------+-------++-------
  Melee: Flail             |    99 |    36 |       ||   135
         Kick              |    14 |    22 |    33 ||    69
         Hand axe          |       |    42 |    95 ||   137
         Touch             |       |    13 |    18 ||    31
         Punch             |       |     1 |     1 ||     2
  Throw: Stone             |     1 |    15 |     2 ||    18
         Dart              |       |     3 |     4 ||     7
  Evoke: Wand              |       |       |     3 ||     3
    Use: Scroll            |     3 |     4 |     2 ||     9
         Potion            |     1 |       |     2 ||     3
 Armour: Leather armour    |    23 |       |       ||    23
         Scale mail        |    35 |    25 |    31 ||    91
         Chain mail        |       |       |    11 ||    11
  Dodge: Dodged            |    70 |    39 |    68 ||   177

Table legend: (Time is in decaauts)
 A = Elapsed time spent in this place.
 B = Non-inter-level travel time spent in this place.
 C = Inter-level travel time spent in this place.
 D = Time resting spent in this place.
 E = Time spent auto-exploring this place.
 F = Levels seen in this place.
 G = Mean time per level.
                   A        B        C        D        E       F      G
               +--------+--------+--------+--------+--------+-----+--------+
         Total |   4840 |   4301 |    539 |    819 |   2209 |   7 |  691.4 |
       Dungeon |   4824 |   4285 |    539 |    819 |   2209 |   6 |  804.0 |
        Temple |     15 |     15 |      0 |      0 |      0 |   1 |   15.0 |
               +--------+--------+--------+--------+--------+-----+--------+

Top non-repeatable levels by time:
     D:4: 1104 daAuts
     D:5: 1042 daAuts
     D:3: 955 daAuts
     D:2: 674 daAuts
     D:1: 655 daAuts
     D:6: 392 daAuts
  Temple: 15 daAuts
